 Dungeon Crawl Stone Soup version 0.28-a0-932-g843f935a50 (webtiles) character file.

Game seed: 4829198161231700502

2828 tilp the Frost Mage (level 9, 39/39 HPs)
             Began as a Felid Ice Elementalist on Nov 27, 2021.
             Was a Believer of Vehumet.
             Quit the game on level 9 of the Dungeon.
             The game lasted 00:31:56 (17055 turns).

tilp the Frost Mage (Felid Ice Elementalist)       Turns: 17055, Time: 00:31:56

Health: 39/39      AC:  2    Str:  4    XL:     9   Next: 45%
Magic:  19/19      EV: 24    Int: 19    God:    Vehumet [**....]
Gold:   618        SH:  0    Dex: 18    Spells: 6/20 levels left
                                        Lives:  0   Deaths: 2

rFire   . . .      SeeInvis +     - Unarmed
rCold   . . .      Faith    .   (shield unavailable)
rNeg    . . .      Spirit   .   (armour unavailable)
rPois   .          Reflect  .   (helmet unavailable)
rElec   .          Harm     .   (cloak unavailable)
rCorr   .          Rampage  .   (gloves unavailable)
Will    ++...                   (boots unavailable)
Stlth   ++++......              f - amulet of the acrobat
HPRegen 0.13/turn               b - +4 ring of evasion
MPRegen 0.16/turn               i - ring of willpower

@: quick
A: very small, claws 1, fangs 3, see invisible, speed 1, shaggy fur 2, stealthy
paws, no weapons or thrown items, no armour, multi-lived
a: Renounce Religion


You were on level 9 of the Dungeon.
You worshipped Vehumet.
Vehumet was pleased with you.
You visited 2 branches of the dungeon, and saw 10 of its levels.

You collected 1248 gold pieces.
You spent 630 gold pieces at shops.

Inventory:

Jewellery
 b - a +4 ring of evasion (left paw)
 f - an amulet of the acrobat (around neck)
 i - a ring of willpower (right paw)
 u - a +6 ring of dexterity
Wands
 n - a wand of iceblast (5)
 t - a wand of paralysis (9)
Scrolls
 c - 12 scrolls of teleportation
 d - 2 scrolls of identify
 g - 3 scrolls of fear
 h - 3 scrolls of magic mapping
 k - 5 scrolls of amnesia
 l - 2 scrolls of blinking
Potions
 a - a potion of ambrosia
 e - 2 potions of resistance
 j - 3 potions of flight
 m - 2 potions of mutation
 o - 2 potions of heal wounds {unknown}
 p - a potion of invisibility {unknown}
 q - 2 potions of might
 r - a potion of magic {unknown}
 s - a potion of haste {unknown}


   Skills:
 - Level 4.0 Fighting
 - Level 6.0 Dodging
 - Level 8.0 Stealth
 - Level 4.0 Unarmed Combat
 - Level 6.0 Spellcasting
 + Level 7.3 Conjurations
 - Level 6.0 Hexes
 + Level 8.9 Ice Magic
 - Level 4.0 Evocations


You had 6 spell levels left.
You knew the following spells:

 Your Spells              Type           Power      Damage    Failure   Level
a - Freeze                Ice            100%       1d11      1%          1
b - Frozen Ramparts       Ice            78%        1d9       1%          3
c - Ozocubu's Armour      Ice            39%        N/A       1%          3
d - Hailstorm             Conj/Ice       36%        3d9       3%          4
e - Dazzling Flash        Conj/Hex       62%        N/A       2%          3

Your spell library contained the following spells:

 Spells                   Type           Power      Damage    Failure   Level
 Poisonous Vapours        Pois/Air       10%        N/A       17%         2
 Silence                  Hex/Air        8%         N/A       65%         5
 Agony                    Necr           5%         N/A       97%         5


Dungeon Overview and Level Annotations

Branches:
Dungeon (9/15)             Temple (1/1) D:7
   Lair: D:8-11         Orc: D:9-12

Altars:
Ashenzari
Cheibriados
Dithmenos
Elyvilon
Fedhas
Gozag
Hepliaklqana
Kikubaaqudgha
Makhleb
Nemelex Xobeh
Okawaru
Qazlal
Ru
Sif Muna
Trog
Uskayaw
Vehumet
Wu Jian
Xom
Yredelemnul
Zin
The Shining One

Shops:
D:1 (([(?   D:6 [?[(   D:7 *

Annotations:
D:5 exclusion: ice beast
D:7 exclusion: gargoyle


Innate Abilities, Weirdness & Mutations

You have sharp claws.
You have razor-sharp teeth.
You have supernaturally acute eyesight. (SInv)
You cover ground quickly. (Speed+)
You are covered in thick fur. (AC +2)
Your paws help you pounce on unaware monsters.
You are incapable of wielding weapons or throwing items.
You cannot wear armour.
You gain extra lives every three experience levels.


Message History

You scratch the wight but do no damage.
The wight is heavily damaged.
The wight hits you with a +3 great sword of freezing!
You feel drained. The wight freezes you.
* * * LOW HITPOINT WARNING * * *
You scratch the wight.
The wight is heavily damaged.
The wight misses you.
You scratch the wight.
The wight is severely damaged.
The wight barely misses you.
You scratch the wight but do no damage.
The wight is severely damaged.
The wight closely misses you.
You scratch the wight.
The wight is severely damaged.
The wight hits you but does no damage.
You scratch the wight.
The wight is almost destroyed.
The wight barely misses you.
You scratch the wight but do no damage.
The wight is almost destroyed.
The wight hits you with a +3 great sword of freezing.
* * * LOW HITPOINT WARNING * * *
The wight freezes you.
* * * LOW HITPOINT WARNING * * *
You barely miss the wight.
The wight is almost destroyed.
The wight completely misses you.
You barely miss the wight.
The wight is almost destroyed.
The wight hits you with a +3 great sword of freezing!
You die...
The wight freezes you.
You are now level 9!
You rejoin the land of the living...
Unknown command.
Unknown command.
Unknown command.
Are you sure you want to abandon this character and quit the game? (Confirm with "yes".)

##..##..####.# #.##.#[###.#.#..
#.##..##..#.# #.#.##.#.##.#..
'#..##..##'.# #.'.###.###.'..
#.##..##..#.## ##.#†##.#.##.#..
##..##..####.## ##.##.#.###.#.#..
#.##..##..###[###.###..######.#..
##..##..### ##.#.## #.........#.#
#####'#########'### #####'#####.#
..........#.)...@.###...........#
..........#..###...##..#####.#...
.....###..#.##.##..##........#...
.....###..#.#.#)#...#)..####.####
..........'.#.###...'......<....#
..........#.##)....##......#.##.#
..........#..##...###........##.#
.....###..#...#####.#...#######.#
.......#..##........#...........#


There were no monsters in sight!

Vanquished Creatures
  Erolcha (D:9)
  2 two-headed ogres
  A manticore (D:9)
  A troll (D:9)
  Grinder (D:6)
  Sigmund (D:2)
  2 shadows (D:8)
  A wyvern (D:8)
  6 yaks (D:9)
  2 steam dragons
  2 water moccasins
  3 orc warriors
  A sky beast (D:6)
  An ogre (D:4)
  A black bear (D:5)
  An ice beast (D:5)
  2 necrophages
  A hornet zombie (D:8)
  7 centaurs
  2 kobold brigands (D:9)
  A bullfrog (D:8)
  A gnoll sergeant (D:8)
  A wyvern zombie (D:7)
  2 scorpions
  A water moccasin skeleton (D:6)
  3 killer bees (D:9)
  8 howler monkeys
  2 bullfrog zombies
  7 centaur zombies
  A human zombie (D:9)
  3 hounds
  A jelly (D:7)
  3 orc priests
  A centaur skeleton (D:6)
  2 gnoll shamans
  3 iguanas
  Terence (D:2)
  8 orc wizards
  2 killer bee zombies (D:9)
  A hound skeleton (D:5)
  3 howler monkey zombies (D:9)
  A howler monkey skeleton (D:7)
  13 gnolls
  6 adders
  3 worms
  5 dart slugs
  21 orcs
  11 ball pythons
  3 bats
  4 endoplasms
  6 giant cockroaches
  7 goblins
  6 hobgoblins
  6 frilled lizards
  3 kobolds
  4 rats
193 creatures vanquished.

Notes
Turn   | Place    | Note
-------+----------+-------------------------------------------
     0 | D:1      | tilp the Felid Ice Elementalist began the quest for the
                  | Orb.
     0 | D:1      | Reached XP level 1. HP: 7/7 MP: 4/4
    50 | D:1      | Found Plog's Antique Weapon Shop.
    51 | D:1      | Found Xoaf's Weapon Boutique.
   373 | D:1      | Found Tungea's Antique Armour Shop.
   388 | D:1      | Reached XP level 2. HP: 9/11 MP: 6/6
   683 | D:1      | Found Qybaicke's Weapon Shop.
   759 | D:1      | Found Tauruaze's Magic Scroll Shop.
   764 | D:1      | Bought a scroll of teleportation for 33 gold pieces
   847 | D:1      | Found a faded altar of an unknown god.
  1310 | D:1      | Bought a scroll of identify for 22 gold pieces
  1310 | D:1      | Bought a scroll of noise for 11 gold pieces
  1338 | D:2      | Reached XP level 3. HP: 15/15 MP: 5/7
  1342 | D:2      | Learned a level 3 spell: Frozen Ramparts
  1448 | D:2      | Noticed Sigmund
  1494 | D:2      | Reached skill level 1 in Fighting
  1553 | D:2      | Reached skill level 1 in Unarmed Combat
  1734 | D:2      | Noticed Terence
  2105 | D:2      | Reached XP level 4. HP: 14/19 MP: 4/8
  2465 | D:1      | Bought a scroll of magic mapping for 38 gold pieces
  2863 | D:3      | Learned a level 3 spell: Ozocubu's Armour
  3709 | D:4      | Noticed an ogre
  4716 | D:4      | Reached XP level 5. HP: 20/22 MP: 9/9
  5624 | D:1      | Bought a scroll of blinking for 82 gold pieces
  5624 | D:1      | Bought a scroll of amnesia for 38 gold pieces
  5624 | D:1      | Acquired 725 gold pieces
  5626 | D:1      | Bought a scroll of magic mapping for 38 gold pieces
  5626 | D:1      | Bought a scroll of teleportation for 33 gold pieces
  5626 | D:1      | Bought a scroll of amnesia for 38 gold pieces
  5626 | D:1      | Bought a scroll of teleportation for 33 gold pieces
  5762 | D:5      | Entered Level 5 of the Dungeon
  5868 | D:5      | Noticed a two-headed ogre
  5924 | D:5      | Noticed an ice beast
  6006 | D:5      | Learned a level 3 spell: Dazzling Flash
  6117 | D:5      | Reached skill level 1 in Hexes
  6117 | D:5      | Gained mutation: You are covered in thick fur. (AC +2)
                  | [Felid growth]
  6117 | D:5      | Reached XP level 6. HP: 17/26 MP: 3/11
  6142 | D:5      | Reached skill level 1 in Conjurations
  6495 | D:4      | Reached skill level 5 in Ice Magic
  6796 | D:5      | Reached XP level 7. HP: 30/30 MP: 3/12
  7947 | D:6      | Noticed a steam dragon
  8174 | D:6      | Reached XP level 8. HP: 34/34 MP: 7/13
  8366 | D:6      | Noticed Grinder
  8399 | D:6      | Killed Grinder
  8400 | D:6      | Reached skill level 5 in Dodging
  8400 | D:6      | Reached skill level 5 in Stealth
  8660 | D:6      | Found Heumiaf's Magic Scroll Shoppe.
  8660 | D:6      | Found Entecirutt's Antique Armour Shoppe.
  8740 | D:6      | Bought a scroll of fear for 42 gold pieces
  8740 | D:6      | Bought a scroll of teleportation for 36 gold pieces
  8740 | D:6      | Bought 3 scrolls of identify for 72 gold pieces
  8740 | D:6      | Bought a scroll of fear for 42 gold pieces
  8740 | D:6      | Bought 2 scrolls of teleportation for 72 gold pieces
  8741 | D:6      | Found Ugeamet's Weapon Shoppe.
  8741 | D:6      | Found Ramonk's Antique Armour Shoppe.
  9825 | D:7      | Found a staircase to the Ecumenical Temple.
  9861 | D:7      | Found Tukkoij's Gadget Gallery.
  9900 | Temple   | Entered the Ecumenical Temple
  9989 | Temple   | Became a worshipper of Vehumet
 10106 | D:7      | Found an ornate altar of the Wu Jian Council.
 10249 | D:7      | Found a sacrificial altar of Ru.
 10312 | D:7      | Found a blossoming altar of Fedhas.
 10314 | D:7      | Found an iron altar of Okawaru.
 10317 | D:7      | Found a sparkling altar of Nemelex Xobeh.
 10318 | D:7      | Noticed a gargoyle
 10616 | D:8      | Reached skill level 5 in Hexes
 10717 | D:8      | Reached XP level 9. HP: 39/39 MP: 3/14
 10722 | D:8      | Learned a level 4 spell: Hailstorm
 12307 | D:8      | Reached * piety under Vehumet
 12307 | D:8      | Offered knowledge of Sandblast by Vehumet.
 12445 | D:9      | Noticed Erolcha
 12686 | D:2      | Killed Sigmund
 12759 | D:2      | Killed Terence
 13062 | D:5      | Killed a two-headed ogre
 13063 | D:5      | Reached skill level 5 in Conjurations
 13530 | D:8      | Reached XP level 10. HP: 28/42 MP: 16/18
 13750 | D:8      | Reached skill level 5 in Spellcasting
 14183 | D:9      | Reached skill level 1 in Evocations
 14654 | D:9      | Noticed a two-headed ogre
 14852 | D:9      | Slain by a troll
 14853 | D:9      | Reached XP level 9. HP: 0/39 MP: 5/17
 15261 | D:9      | Reached ** piety under Vehumet
 15261 | D:9      | Offered knowledge of Poisonous Vapours by Vehumet.
 15405 | D:9      | Noticed a manticore
 15418 | D:9      | Killed a manticore
 16011 | D:9      | Reached XP level 10. HP: 35/42 MP: 19/19
 16185 | D:9      | Killed a two-headed ogre
 16561 | D:9      | Killed Erolcha
 16983 | D:9      | Found a basalt altar of Yredelemnul.
 17054 | D:9      | Slain by a wight
 17055 | D:9      | Reached XP level 9. HP: -5/38 MP: 19/19
 17055 | D:9      | Quit the game

Illustrated notes

Levels and vault maps discovered:
D:1:      lemuel_arrival_muddy, layout_basic, serial_shops, shop, shop,
          nicolae_shop_stone, nicolae_shop_advertising_works
          [nicolae_subvault_shop_adworks], shop_fountains,
          basic_ecumenical_altar, serial_bayou_pond_a
D:2:      layout_loops_ring, minmay_shallow_snake_nest, uniq_terence,
          uniq_sigmund
D:3:      layout_rooms
D:4:      layout_gridville
D:5:      layout_cave_pools, grunt_ministairs_8
D:6:      layout_loops_ring, minmay_shop_grid_forest, uniq_grinder
D:7:      layout_rooms, nzn_wu_jian_council_hall, grunt_temple_overflow_open,
          nicolae_ru_sacrificial_ziggurat, minmay_temple_entry_glassed_door,
          minmay_misc_feat_rows, roderic_roman_lattice, nicolae_shop_gadgets
D:8:      minmay_angry_zag, layout_basic
D:9:      minmay_the_grid_net [minmay_the_grid_aliased_spiral,
          minmay_the_grid_doors, minmay_the_grid_large_cup,
          minmay_the_grid_box_x, minmay_the_grid_stretched_grid,
          minmay_the_grid_prize_diamond_cup], layout_basic,
          lemuel_mausoleum_altar_yredelemnul, minivault_25_ag, uniq_erolcha
Temple:   lightli_temple_of_artemis

Skill      XL: |  1  2  3  4  5  6  7  8  9 10 |
---------------+-------------------------------+-----
Ice Magic      | 4 5 6 7 8 |  8.9
Stealth        | 3 4 6 8 |  8.0
Dodging        | 3 4 5 6 |  6.0
Fighting       | 1 2 3 4 |  4.0
Unarmed Combat | 1 2 3 4 |  4.0
Spellcasting   | 3 4 6 |  6.0
Hexes          | 1 3 4 5 6 |  6.0
Conjurations   | 2 4 5 7 |  7.3
Evocations     | 4 2 |  4.0

Action                   |  1- 3 |  4- 6 |  7- 9 | 10-12 || total
-------------------------+-------+-------+-------+-------++-------
Melee: Unarmed           |    44 |    76 |   395 |   212 ||   727
       Bite              |     4 |     8 |    54 |    17 ||    83
       Punch             |       |       |     3 |     2 ||     5
 Cast: Freeze            |    18 |    51 |    22 |     6 ||    97
       Frozen Ramparts   |     2 |    14 |    47 |    13 ||    76
       Ozocubu's Armour  |       |    12 |    50 |    22 ||    84
       Dazzling Flash    |       |       |     7 |     4 ||    11
       Hailstorm         |       |       |    14 |    10 ||    24
Evoke: Wand              |       |       |     2 |     6 ||     8
  Use: Scroll            |     2 |     6 |     5 |       ||    13
       Potion            |       |       |     3 |       ||     3
 Stab: Sleeping          |     9 |    10 |     8 |     3 ||    30
       Invisible         |       |       |     1 |     1 ||     2
Armor: Skin              |     3 |    12 |    53 |    29 ||    97
Dodge: Dodged            |    48 |    87 |   462 |   263 ||   860

Table legend: (Time is in decaauts)
 A = Elapsed time spent in this place.
 B = Non-inter-level travel time spent in this place.
 C = Inter-level travel time spent in this place.
 D = Time resting spent in this place.
 E = Time spent auto-exploring this place.
 F = Levels seen in this place.
 G = Mean time per level.
                   A        B        C        D        E       F      G
               +--------+--------+--------+--------+--------+-----+--------+
         Total |  15562 |  14313 |   1249 |   5273 |   6721 |  10 | 1556.2 |
       Dungeon |  15476 |  14241 |   1235 |   5273 |   6655 |   9 | 1719.6 |
        Temple |     86 |     73 |     13 |      0 |     65 |   1 |   86.0 |
               +--------+--------+--------+--------+--------+-----+--------+

Top non-repeatable levels by time:
     D:8: 2929 daAuts
     D:9: 2516 daAuts
     D:5: 2039 daAuts
     D:4: 1614 daAuts
     D:3: 1527 daAuts
     D:6: 1323 daAuts
     D:1: 1278 daAuts
     D:2: 1239 daAuts
     D:7: 1007 daAuts
  Temple: 86 daAuts
